[Event "Titled Tuesday Blitz May 23 Late 2023"]
[White "Pakleza, Zbigniew"]
[Black "Davidson, Kevin"]
[WhiteFideId "1119290"]
[BlackFideId "2056810"]
[WhiteElo "2410"]
[BlackElo "2151"]
[Result "1-0"]
[Round "02"]
[TimeControl "180+2"]
[Date "2023.05.23"]
[WhiteClock "0:00:03"]
[BlackClock "0:00:00"]

1. d4 Nf6 2. Nf3 g6 3. Bf4 Bg7 4. e3 d6 5. Be2 O-O 6. h3 Nfd7 7. O-O h6 8. Bh2 e5 9. c4 Nc6 10. Nc3 f5 11. dxe5 dxe5 12. Qd5+ Kh8 13. Rad1 g5 14. a3 f4 15. exf4 exf4 16. Rfe1 Qf6 17. Nb5 Qxb2 18. Nxc7 Rb8 19. Nxg5 hxg5 20. Qxg5 Qf6 21. Qh5+ Qh6 22. Ne6 Qxh5 23. Bxh5 Rf6 24. Bxf4 Nde5 25. Bxe5 Nxe5 26. Nxg7 Nxc4 27. Ne8 Re6 28. a4 Rxe1+ 29. Rxe1 Bd7 30. Nf6 Bxa4 31. Re7 Bc2 32. g4 Rf8 33. g5 b5 34. Rxa7 b4 35. Rb7 b3 36. Bd1 Nd6 37. Rb6 Rxf6 38. Rb8+ Kh7 39. gxf6 Bxd1 40. Rd8 1-0


[Site "https://www.chess.com"]

[Event "Titled Tuesday Blitz May 23 Late 2023"]
[White "Vadim_Galchenko"]
[Black "Cruz, Jonathan"]
[BlackFideId "3802124"]
[WhiteElo "2380"]
[BlackElo "2407"]
[Result "1-0"]
[Round "02"]
[TimeControl "180+2"]
[Date "2023.05.23"]
[WhiteClock "0:00:17"]
[BlackClock "0:00:00"]

1. e4 e5 2. Nc3 Nf6 3. Bc4 Bc5 4. f4 d6 5. d3 Bg4 6. Nf3 Nc6 7. Na4 exf4 8. Nxc5 dxc5 9. Bxf4 Qe7 10. h3 Bh5 11. g4 Bg6 12. Qd2 O-O-O 13. Qe3 Na5 14. Bb3 c4 15. Qxa7 Nc6 16. Qa8+ Kd7 17. Qa4 cxb3 18. Ne5+ Ke8 19. Nxc6 bxc6 20. Qxc6+ Nd7 21. axb3 Qb4+ 22. Kf1 Qc5 23. Qxc5 Nxc5 24. Bxc7 Rc8 25. Bg3 h5 26. g5 Ne6 27. Rh2 Nxg5 28. Ra7 Nf3 29. Rf2 Nd4 30. c3 Nxb3 31. d4 Bxe4 32. Rfxf7 Nd2+ 33. Ke2 Nc4 34. Rfe7+ Kf8 35. Rxe4 Nxb2 36. Bd6+ Kg8 37. Ree7 Rh7 38. Bb4 h4 39. d5 Nc4 40. d6 Rd8 41. d7 Rh5 42. Re8+ Kf7 43. Rxd8 Re5+ 44. Kd3 Nb6 45. Re8 Rxe8 46. dxe8=Q+ Kxe8 47. Rxg7 1-0


[Site "https://www.chess.com"]

[Event "Titled Tuesday Blitz May 23 Late 2023"]
[White "Zemlyanskii, Ivan"]
[Black "FromTexas54"]
[WhiteFideId "24249971"]
[WhiteElo "2421"]
[BlackElo "2371"]
[Result "1-0"]
[Round "02"]
[TimeControl "180+2"]
[Date "2023.05.23"]
[WhiteClock "0:01:53"]
[BlackClock "0:01:41"]

1. d4 Nf6 2. c4 g6 3. h4 c5 4. d5 d6 5. Nc3 a6 6. e4 b5 7. cxb5 Bg7 8. Nf3 O-O 9. a4 Bg4 10. Be3 Qa5 11. Bd2 Qb4 12. Qc2 Bxf3 13. gxf3 Nh5 14. Nd1 Qd4 15. Bc3 1-0


[Site "https://www.chess.com"]

[Event "Titled Tuesday Blitz May 23 Late 2023"]
[White "Kaganskiy, Gleb"]
[Black "Thomforde-Toates, Noah"]
[WhiteFideId "4132025"]
[BlackFideId "30951992"]
[WhiteElo "2165"]
[BlackElo "2730"]
[Result "0-1"]
[Round "02"]
[TimeControl "180+2"]
[Date "2023.05.23"]
[WhiteClock "0:00:04"]
[BlackClock "0:00:25"]

1. Nf3 Nf6 2. b3 g6 3. Bb2 Bg7 4. e3 b6 5. d4 Bb7 6. Be2 e6 7. O-O d6 8. Nbd2 Nbd7 9. c4 O-O 10. Re1 Ne4 11. Nxe4 Bxe4 12. Nd2 Bb7 13. Bf3 Qc8 14. Bxb7 Qxb7 15. Qf3 Qxf3 16. Nxf3 Rfd8 17. Rad1 Kf8 18. Re2 Ke7 19. Red2 Rac8 20. Kf1 c6 21. Ke2 d5 22. Ba3+ Ke8 23. Rc2 dxc4 24. Rxc4 Bf8 25. Bxf8 Kxf8 26. Rdc1 c5 27. dxc5 Rxc5 28. b4 Rxc4 29. Rxc4 Nf6 30. Ne5 Nd5 31. e4 Nf4+ 32. Kf3 Nd3 33. Nxd3 Rxd3+ 34. Kf4 Rd2 35. f3 Rxa2 36. Ke5 Kg7 37. Rc7 a5 38. Ra7 Rxg2 39. bxa5 bxa5 40. h4 Rh2 41. Rxa5 Rxh4 42. Ra7 Rh3 43. f4 Rb3 44. Kd4 Kf6 45. e5+ Kg7 46. Ke4 Rb4+ 47. Kf3 h5 48. Kg3 g5 49. f5 Rg4+ 50. Kh3 exf5 51. e6 Re4 52. Rxf7+ Kg6 53. Re7 Kf6 54. Rh7 Rxe6 55. Rh6+ Ke5 56. Rxh5 Kf4 57. Rh8 Re2 58. Ra8 g4+ 59. Kh4 Rh2# 0-1


[Site "https://www.chess.com"]

[Event "Titled Tuesday Blitz May 23 Late 2023"]
[White "Figorito, Nick"]
[Black "Szpar, Milosz"]
[WhiteFideId "30923689"]
[BlackFideId "1184989"]
[WhiteElo "2369"]
[BlackElo "2434"]
[Result "0-1"]
[Round "02"]
[TimeControl "180+2"]
[Date "2023.05.23"]
[WhiteClock "0:00:04"]
[BlackClock "0:01:00"]

1. Nf3 d5 2. g3 Bg4 3. Bg2 Nd7 4. d4 c6 5. O-O Ngf6 6. Nbd2 e6 7. b3 Be7 8. Bb2 O-O 9. Re1 a5 10. a3 c5 11. c4 cxd4 12. Bxd4 Rc8 13. cxd5 Nxd5 14. h3 Bh5 15. Qb1 Bg6 16. Qb2 Rc2 17. Bxg7 Rxb2 18. Bxb2 Qb6 19. Rac1 Bf6 20. Bxf6 N7xf6 21. Ne5 Qd4 22. Ndf3 Qb2 23. Nc4 Qxb3 24. Nxa5 Qxa3 25. Nxb7 Qb4 26. Nc5 Qb6 27. Nd3 Bxd3 28. exd3 Ra8 29. d4 Ra2 30. Rf1 Ne4 31. Rce1 Ndc3 32. Ne5 Qxd4 33. Bxe4 Nxe4 34. Ng4 Nd2 35. Rd1 h5 36. Ne3 Qe4 37. Rfe1 Nf3+ 38. Kf1 Nxe1 39. Kxe1 Qh1+ 40. Nf1 Qg1 0-1


[Site "https://www.chess.com"]

[Event "Titled Tuesday Blitz May 23 Late 2023"]
[White "Kohler, Aran"]
[Black "Mihajlov, Sebastian"]
[WhiteFideId "1002856"]
[BlackFideId "1512110"]
[WhiteElo "2369"]
[BlackElo "2478"]
[Result "0-1"]
[Round "02"]
[TimeControl "180+2"]
[Date "2023.05.23"]
[WhiteClock "0:00:18"]
[BlackClock "0:00:10"]

1. d4 Nf6 2. c3 g6 3. Bg5 Bg7 4. Nd2 d5 5. e3 O-O 6. Bd3 c5 7. Ngf3 Nc6 8. h4 h6 9. h5 hxg5 10. hxg6 g4 11. Ng5 e5 12. gxf7+ Rxf7 13. Nxf7 Kxf7 14. dxc5 e4 15. Be2 a5 16. Qc2 Qe7 17. O-O-O a4 18. Kb1 Qxc5 19. a3 Be6 20. Nf1 Ne5 21. Ng3 Rh8 22. Rxh8 Bxh8 23. Ka1 b5 24. Rh1 Bg7 25. Nh5 Nxh5 26. Rxh5 Kg6 27. Rh1 Nc4 28. Bxc4 Qxc4 29. Qb1 Qb3 30. Rc1 Qc4 31. f3 Bf5 32. fxg4 Bxg4 33. Qc2 Be2 34. Re1 Bg4 35. Qf2 Qc7 36. Qh4 Be6 37. Qg3+ Qxg3 38. Re2 Qg4 39. Rd2 Bh6 40. Ka2 Bxe3 41. Rc2 d4+ 0-1


[Site "https://www.chess.com"]

[Event "Titled Tuesday Blitz May 23 Late 2023"]
[White "Mickiewicz, Piotr"]
[Black "Weetik, Vjacheslav"]
[WhiteFideId "1114891"]
[BlackFideId "4153472"]
[WhiteElo "2246"]
[BlackElo "2469"]
[Result "0-1"]
[Round "02"]
[TimeControl "180+2"]
[Date "2023.05.23"]
[WhiteClock "0:00:37"]
[BlackClock "0:00:50"]

1. Nf3 Nf6 2. b3 c5 3. Bb2 Nc6 4. e3 a6 5. c4 e6 6. d4 d5 7. cxd5 exd5 8. Be2 cxd4 9. Nxd4 Bb4+ 10. Nc3 Ne4 11. Rc1 Qa5 12. Nxc6 bxc6 13. Qd4 Qxa2 14. Qxb4 Qxb2 15. O-O Nxc3 16. Rxc3 Qxe2 17. Rxc6 Bd7 18. Rc7 Qg4 19. Rfc1 Qxb4 0-1


[Site "https://www.chess.com"]

[Event "Titled Tuesday Blitz May 23 Late 2023"]
[White "Evdokimov, Alexey"]
[Black "Chen, Ryo"]
[WhiteFideId "24162450"]
[BlackFideId "7003072"]
[WhiteElo "2154"]
[BlackElo "2169"]
[Result "0-1"]
[Round "02"]
[TimeControl "180+2"]
[Date "2023.05.23"]
[WhiteClock "0:00:00"]
[BlackClock "0:01:49"]

1. e4 c5 2. Nf3 d6 3. d4 cxd4 4. Nxd4 Nf6 5. Nc3 Nc6 6. Bg5 e6 7. f4 Qb6 8. Bxf6 gxf6 9. Nxc6 bxc6 10. Qf3 Qxb2 11. Rb1 Qa3 12. Be2 Bg7 13. O-O f5 14. e5 O-O 15. Qxc6 Bd7 16. Qxd7 Qxc3 17. Qxd6 Qe3+ 18. Rf2 Rfd8 19. Qc6 Bf8 20. Qf3 Bc5 21. Kf1 Qxf2+ 22. Qxf2 Bxf2 23. Kxf2 Rd2 24. Rc1 Rc8 25. c4 Rxa2 26. Ke3 Ra3+ 27. Kd4 Rd8+ 28. Kc5 Ra5+ 29. Kb4 Ra2 30. Bf3 Rb8+ 31. Kc3 Ra3+ 32. Kd4 a5 33. c5 Ra4+ 34. Ke3 Rab4 35. c6 a4 36. c7 Rc8 37. g3 a3 38. Rc3 a2 39. Ra3 Rb3+ 40. Rxb3 a1=Q 41. Rd3 Qc1+ 42. Ke2 Qxc7 0-1


[Site "https://www.chess.com"]

[Event "Titled Tuesday Blitz May 23 Late 2023"]
[White "benny_aizenberg"]
[Black "Gerbelli Neto, Eduardo"]
[BlackFideId "2103281"]
[WhiteElo "2689"]
[BlackElo "2178"]
[Result "1-0"]
[Round "02"]
[TimeControl "180+2"]
[Date "2023.05.23"]
[WhiteClock "0:02:38"]
[BlackClock "0:00:36"]

1. g4 e5 2. g5 Qxg5 3. d4 Qf6 4. dxe5 Qxe5 5. Nf3 Qa5+ 6. Bd2 Qb6 7. Nc3 c6 8. e4 Bc5 9. Bc4 Bxf2+ 10. Ke2 d5 11. exd5 Bg4 12. Rf1 Bh4 13. Kd3 Ne7 14. d6 Nf5 15. Qe2+ Kf8 16. Qe4 Bxf3 17. Rxf3 g6 18. Rxf5 gxf5 19. Bh6+ 1-0


[Site "https://www.chess.com"]

[Event "Titled Tuesday Blitz May 23 Late 2023"]
[White "Sarkar, Justin"]
[Black "Horvath, Dominik"]
[WhiteFideId "2010011"]
[BlackFideId "1642561"]
[WhiteElo "2168"]
[BlackElo "2407"]
[Result "0-1"]
[Round "02"]
[TimeControl "180+2"]
[Date "2023.05.23"]
[WhiteClock "0:00:00"]
[BlackClock "0:00:24"]

1. d4 d5 2. c4 e6 3. Nc3 c6 4. e4 dxe4 5. Nxe4 Bb4+ 6. Bd2 Qxd4 7. Bxb4 Qxe4+ 8. Be2 Na6 9. Ba5 b6 10. Qd6 Bd7 11. Rd1 O-O-O 12. Bc3 f6 13. Nf3 Nh6 14. Nd2 Qg6 15. Qa3 Kb7 16. O-O Nf5 17. Ne4 Bc8 18. c5 b5 19. Nd6+ Nxd6 20. cxd6 e5 21. Qa5 Bh3 22. Bf3 e4 0-1


[Site "https://www.chess.com"]

[Event "Titled Tuesday Blitz May 23 Late 2023"]
[White "Chabris, Christopher"]
[Black "Annaberdiyev, Meylis"]
[WhiteFideId "2005263"]
[BlackFideId "14000563"]
[WhiteElo "2361"]
[BlackElo "2416"]
[Result "0-1"]
[Round "02"]
[TimeControl "180+2"]
[Date "2023.05.23"]
[WhiteClock "0:00:28"]
[BlackClock "0:01:02"]

1. e4 c5 2. Nf3 e6 3. d4 cxd4 4. Nxd4 Nc6 5. Nc3 Qc7 6. g3 a6 7. Bg2 Nf6 8. O-O h5 9. Nxc6 dxc6 10. e5 Qxe5 11. Bf4 Qf5 12. Re1 h4 13. Ne4 hxg3 14. hxg3 Nxe4 15. Bxe4 Qh5 16. Qd3 Bc5 17. Bg2 f6 18. Bd6 Kf7 19. b4 Ba7 20. c4 e5 21. c5 Qh2+ 22. Kf1 Bh3 23. Qc4+ Kg6 24. Qc2+ f5 25. Bxh3 Qxh3+ 26. Ke2 Qg4+ 27. f3 Rh2+ 28. Ke3 Qd4# 0-1


[Site "https://www.chess.com"]

[Event "Titled Tuesday Blitz May 23 Late 2023"]
[White "Alexikov, Alexander"]
[Black "Prohaszka, Peter"]
[WhiteFideId "14103958"]
[BlackFideId "726265"]
[WhiteElo "2186"]
[BlackElo "2626"]
[Result "0-1"]
[Round "02"]
[TimeControl "180+2"]
[Date "2023.05.23"]
[WhiteClock "0:00:50"]
[BlackClock "0:00:22"]

1. e4 c6 2. d3 d5 3. Nd2 e5 4. g3 Bd6 5. Bg2 Nf6 6. Ngf3 O-O 7. O-O Re8 8. Re1 a5 9. a4 Nbd7 10. Qe2 Nc5 11. h3 b6 12. b3 Ba6 13. Qd1 Qc7 14. Bb2 Rad8 15. exd5 cxd5 16. d4 exd4 17. Nxd4 Nce4 18. N2f3 Nxf2 19. Rxe8+ Rxe8 20. Kxf2 Bxg3+ 21. Kg1 Ne4 22. Nf5 Bf2+ 23. Kh1 Qf4 24. N3d4 Be3 25. Qf3 Nf2+ 26. Kg1 Nxh3+ 27. Kh1 Nf2+ 28. Kg1 Ng4+ 29. Kh1 Qh2# 0-1


[Site "https://www.chess.com"]

[Event "Titled Tuesday Blitz May 23 Late 2023"]
[White "Tomiello, Lucas Costamilan"]
[Black "Carrasco Miranda, Andres"]
[WhiteFideId "22701940"]
[BlackFideId "3405990"]
[WhiteElo "2085"]
[BlackElo "2183"]
[Result "0-1"]
[Round "02"]
[TimeControl "180+2"]
[Date "2023.05.23"]
[WhiteClock "0:00:15"]
[BlackClock "0:00:11"]

1. e4 e5 2. Bc4 Nc6 3. Nc3 Nf6 4. d3 Na5 5. Nf3 Nxc4 6. dxc4 d6 7. Qd3 Be6 8. b3 Be7 9. Ng5 O-O 10. Bd2 h6 11. Nxe6 fxe6 12. f3 Nd7 13. Be3 Bg5 14. Bf2 Bh4 15. g3 Be7 16. O-O Qe8 17. Kg2 Qh5 18. g4 Qg6 19. Ne2 Rf7 20. b4 Raf8 21. Bg3 a5 22. c3 Nb6 23. h4 d5 24. h5 Qh7 25. cxd5 exd5 26. bxa5 Nc4 27. Rf2 Bc5 28. Ng1 Ne3+ 29. Kh3 dxe4 30. Qxe4 Qxe4 31. fxe4 Rxf2 32. Bxf2 Rxf2 33. Re1 Rf1 34. Rxf1 Nxf1 35. Nf3 Bd6 36. c4 c6 37. g5 Ne3 38. c5 Bc7 39. gxh6 gxh6 40. Nd2 Bxa5 41. Nb3 Bb4 42. Kg3 Kf7 43. Kf3 Nc4 44. Kg4 Ke6 45. a4 Na5 46. Nc1 Bxc5 47. Ne2 Bd6 48. Ng3 Nc4 49. Nf5 Bf8 50. Kf3 Nd6 51. Nh4 c5 52. Ke2 c4 53. Ke3 Be7 54. Ng6 Bg5+ 55. Ke2 Nxe4 56. Nf8+ Kd5 57. Nd7 Nc3+ 58. Ke1 Nxa4 59. Kd1 Nc5 60. Nb6+ Kd4 61. Kc2 e4 62. Nc8 e3 63. Nd6 e2 64. Nb5+ Ke5 0-1


[Site "https://www.chess.com"]

[Event "Titled Tuesday Blitz May 23 Late 2023"]
[White "Schuster, Karsten"]
[Black "Colas, Joshua"]
[WhiteFideId "4611071"]
[BlackFideId "2044447"]
[WhiteElo "2254"]
[BlackElo "2347"]
[Result "1/2-1/2"]
[Round "02"]
[TimeControl "180+2"]
[Date "2023.05.23"]
[WhiteClock "0:01:03"]
[BlackClock "0:00:11"]

1. d4 Nf6 2. c4 e6 3. Nc3 Bb4 4. Qc2 O-O 5. a3 Bxc3+ 6. Qxc3 b6 7. Bg5 Bb7 8. e3 h6 9. Bh4 d6 10. f3 Nbd7 11. Bd3 e5 12. Ne2 Re8 13. O-O-O c5 14. dxe5 Nxe5 15. Bf5 Qe7 16. Rhe1 Rad8 17. Bb1 d5 18. cxd5 Rxd5 19. Rxd5 Bxd5 20. Ng3 Ng6 21. Bxf6 Qxf6 22. Qxf6 gxf6 23. Nf5 h5 24. Rd1 Be6 25. Nd6 Rd8 26. Nb5 Rxd1+ 27. Kxd1 a6 28. Nc7 Bc4 29. Ne8 Nh4 30. Nxf6+ Kh8 31. Nxh5 Nxg2 32. Kd2 Nh4 33. Be4 f5 34. Bb7 b5 35. Nf6 b4 36. Nd7 bxa3 37. bxa3 f4 38. exf4 Kg7 39. Nxc5 a5 40. Be4 Kf6 41. Kc3 Be2 42. Nb7 Bxf3 43. Bxf3 Nxf3 44. Nxa5 Nxh2 45. Nc4 Ke6 46. Kd4 Nf3+ 47. Ke3 Ne1 48. a4 Nc2+ 49. Ke4 Nb4 50. a5 Na6 51. f5+ Kf6 52. Nd6 Nc5+ 53. Kf4 Nd3+ 54. Ke3 Nb4 55. Kd4 Nc6+ 56. Kc5 Nxa5 57. Kb5 Nb7 58. Nxb7 Kxf5 1/2-1/2


[Site "https://www.chess.com"]

[Event "Titled Tuesday Blitz May 23 Late 2023"]
[White "Sipila, Vilka"]
[Black "FuenfgegenWilly"]
[WhiteFideId "505455"]
[WhiteElo "2343"]
[BlackElo "2347"]
[Result "0-1"]
[Round "02"]
[TimeControl "180+2"]
[Date "2023.05.23"]
[WhiteClock "0:01:09"]
[BlackClock "0:00:13"]

1. b3 a5 2. Bb2 a4 3. b4 Nf6 4. e3 e6 5. a3 b6 6. c4 Bb7 7. Nc3 d5 8. cxd5 Nxd5 9. Nxa4 Nd7 10. Nf3 c5 11. b5 Qc7 12. Nc3 N7f6 13. Be2 Bd6 14. O-O Rg8 15. Rc1 g5 16. Nxd5 Nxd5 17. d4 g4 18. Ne5 f6 19. Nxg4 h5 20. e4 hxg4 21. exd5 Bxh2+ 22. Kh1 Bxd5 23. Bxg4 Qf4 24. Bf3 Qh4 25. Re1 Bg3+ 26. Kg1 Bxf2+ 27. Kf1 Bxe1 28. Qxe1 Qh1+ 29. Kf2 Qh4+ 30. Ke3 Qg5+ 31. Kf2 Qg3+ 32. Ke3 Bxf3 33. Qxg3 Rxg3 34. gxf3 cxd4+ 35. Kf4 Rg5 36. Rc6 Rf5+ 37. Ke4 Re5+ 38. Kxd4 Ra4+ 39. Kd3 Rd5+ 40. Ke3 Rxb5 41. Bxf6 Kd7 42. Rc3 Rc5 43. Rb3 b5 44. Bd4 Rd5 45. Bf6 Kc6 46. Bc3 Rc4 47. Bb4 Rd1 48. Rb2 Re1+ 49. Kd3 Rf1 50. Ke2 Rg1 51. Ke3 Rg5 52. Rh2 Re5+ 53. Kd3 Rd5+ 54. Ke3 Rd1 55. Rh6 Kd5 56. Rh8 Rb1 57. Rh5+ e5 58. Bf8 Rb3+ 59. Ke2 Rc2+ 60. Kd1 Ra2 61. Kc1 Rxf3 62. Kb1 Re2 63. Bh6 Rf1+ 64. Bc1 Ree1 65. Kb2 Rxc1 66. Rh8 Rc4 67. Kb3 Rf3+ 68. Kb2 Rfc3 69. Rd8+ Ke4 70. Rb8 Kf4 71. Rxb5 e4 72. Rh5 Rc2+ 73. Kb3 R2c3+ 74. Kb2 Ke3 75. Rh2 Kd4 76. Rd2+ Rd3 77. Rh2 e3 78. Rh4+ Kc5 79. Rh5+ Rd5 80. Rh8 Re4 81. Rc8+ Kd4 82. Kc2 Rc5+ 83. Rxc5 Kxc5 84. Kd3 Ra4 85. Kxe3 Rxa3+ 86. Ke4 Rc3 87. Ke5 Re3+ 88. Kf4 Kd4 89. Kf5 Re2 90. Kf4 Rf2+ 91. Kg4 Ke5 92. Kg3 Rf8 93. Kg4 Rf7 94. Kg5 Rg7+ 95. Kh5 Kf4 96. Kh6 Rg1 97. Kh5 Rg2 98. Kh6 Kf5 99. Kh5 Rh2# 0-1


[Site "https://www.chess.com"]

[Event "Titled Tuesday Blitz May 23 Late 2023"]
[White "Rodriguez Santiago, Jaime"]
[Black "Ambartsumova, Karina"]
[WhiteFideId "3100898"]
[BlackFideId "4166299"]
[WhiteElo "2025"]
[BlackElo "2240"]
[Result "0-1"]
[Round "02"]
[TimeControl "180+2"]
[Date "2023.05.23"]
[WhiteClock "0:00:09"]
[BlackClock "0:00:41"]

1. c4 Nf6 2. d4 d6 3. Nc3 e5 4. dxe5 dxe5 5. Qxd8+ Kxd8 6. Bg5 c6 7. Rd1+ Kc7 8. a3 Be6 9. e3 a5 10. Nf3 Nfd7 11. Bh4 f6 12. Be2 Na6 13. O-O Nac5 14. Bg3 a4 15. Nd4 Bf7 16. Nc2 Bd6 17. Rd2 Nb3 18. Rdd1 Rhd8 19. Ne4 Ndc5 20. Nxd6 Rxd6 21. f4 Rxd1 22. Rxd1 e4 23. f5+ Kb6 24. Nd4 Rd8 25. Kf2 Na5 26. Bf4 Bxc4 27. Bxc4 Nxc4 28. Kg3 Nxb2 29. Rb1 Nd3 30. Ne6 Rd7 31. Bb8 Kb5 32. Nf4 Kc4 33. Nxd3 exd3 34. Rxb2 d2 0-1


[Site "https://www.chess.com"]

[Event "Titled Tuesday Blitz May 23 Late 2023"]
[White "Filgueira, Hernan"]
[Black "StarkyNZ"]
[WhiteFideId "101770"]
[WhiteElo "2363"]
[BlackElo "2346"]
[Result "1-0"]
[Round "02"]
[TimeControl "180+2"]
[Date "2023.05.23"]
[WhiteClock "0:00:21"]
[BlackClock "0:00:22"]

1. c4 e5 2. Nc3 Bb4 3. Nd5 Be7 4. e3 Nc6 5. a3 a5 6. Qc2 Nf6 7. Nf3 d6 8. b3 Bg4 9. Be2 Nxd5 10. cxd5 Nb8 11. Bb2 Nd7 12. d3 O-O 13. h3 Bh5 14. g4 Bg6 15. h4 e4 16. dxe4 Nc5 17. Nd2 Bxh4 18. Kf1 Re8 19. f3 Bf6 20. Kg2 Qe7 21. Bd4 b6 22. Qb2 Bxd4 23. exd4 Nd7 24. Bb5 Rf8 25. Qc3 Rac8 26. Rae1 Nf6 27. Qe3 Nd7 28. Qf4 Nb8 29. Nf1 c6 30. dxc6 Nxc6 31. Qd2 Qf6 32. Rd1 Rfd8 33. Ne3 Ne7 34. Rc1 Qf4 35. Nc4 Qxd2+ 36. Nxd2 d5 37. e5 Rxc1 38. Rxc1 Rc8 39. Rxc8+ Nxc8 40. b4 h5 41. gxh5 Bxh5 42. bxa5 bxa5 43. Nb3 a4 44. Bxa4 Nb6 45. Bb5 Nc4 46. a4 f6 47. exf6 gxf6 48. a5 Ne3+ 49. Kf2 Nc4 50. a6 Nb6 51. a7 Kf8 52. Bc6 Be8 53. a8=Q Nxa8 54. Bxa8 Bf7 55. Bc6 Ke7 56. Bb5 Kd6 57. Bd3 Be6 58. Nc5 Bf7 59. Ke3 Bh5 60. Kf4 Ke7 61. Bc2 Be8 62. Bb3 Kd6 63. Nd3 Bh5 64. Nb4 Bf7 65. Kf5 Bh5 66. f4 1-0


[Site "https://www.chess.com"]

[Event "Titled Tuesday Blitz May 23 Late 2023"]
[White "Shapiro, Daniel"]
[Black "Erzhanov, Arman"]
[WhiteFideId "2001780"]
[BlackFideId "4138821"]
[WhiteElo "2346"]
[BlackElo "2138"]
[Result "0-1"]
[Round "02"]
[TimeControl "180+2"]
[Date "2023.05.23"]
[WhiteClock "0:00:31"]
[BlackClock "0:00:30"]

1. d4 d6 2. e4 Nf6 3. Nc3 c6 4. a4 e5 5. Nge2 Be7 6. h3 h5 7. g3 O-O 8. Be3 Nbd7 9. Bg2 Re8 10. Qd2 exd4 11. Bxd4 Nc5 12. O-O Bf8 13. e5 dxe5 14. Be3 Qxd2 15. Bxd2 Bf5 16. Rac1 Nfe4 17. Be3 f6 18. f3 Nxc3 19. Nxc3 Ne6 20. Rfd1 Bc5 21. Bxc5 Nxc5 22. g4 hxg4 23. hxg4 Be6 24. b4 Na6 25. b5 Nc5 26. bxc6 bxc6 27. Rd6 Rac8 28. Bf1 Nb7 29. Rd2 Rcd8 30. Rh2 Nd6 31. a5 Nc4 32. a6 Rb8 33. Bd3 Red8 34. Kf2 Kf7 35. Ne4 Nb2 36. Be2 Bc4 37. g5 f5 38. g6+ Ke7 39. Nc5 Rd2 40. Re1 Rbd8 41. Ke3 Bxe2 42. Rexe2 Nd1# 0-1


[Site "https://www.chess.com"]

[Event "Titled Tuesday Blitz May 23 Late 2023"]
[White "Bashkansky, Ethan"]
[Black "Baghdasaryan, Vahe"]
[WhiteFideId "2071533"]
[BlackFideId "13303139"]
[WhiteElo "2346"]
[BlackElo "2216"]
[Result "0-1"]
[Round "02"]
[TimeControl "180+2"]
[Date "2023.05.23"]
[WhiteClock "0:00:07"]
[BlackClock "0:01:06"]

1. d4 d5 2. c4 c6 3. Nc3 Nf6 4. e3 Bf5 5. cxd5 cxd5 6. Qb3 Nc6 7. Qxb7 Bd7 8. Bb5 Rb8 9. Qa6 Nb4 10. Qa4 Rxb5 11. Nxb5 e6 12. Bd2 Nd3+ 13. Ke2 Qb6 14. Qxa7 Qxb5 15. Qa8+ Ke7 16. Qa3+ Nb4+ 17. Kf3 Kd8 18. Qa8+ Bc8 19. Rc1 Qa6 20. Qxa6 Bxa6 21. Bxb4 Bxb4 22. a3 Be7 23. Ne2 Ne4 24. g3 Nd2+ 25. Kg2 Bxe2 0-1


[Site "https://www.chess.com"]

[Event "Titled Tuesday Blitz May 23 Late 2023"]
[White "Prieto Aranguren, Alain"]
[Black "The_Sherman_Variation"]
[WhiteFideId "2268906"]
[WhiteElo "2209"]
[BlackElo "2515"]
[Result "1/2-1/2"]
[Round "02"]
[TimeControl "180+2"]
[Date "2023.05.23"]
[WhiteClock "0:00:07"]
[BlackClock "0:00:17"]

1. e4 b6 2. d4 Bb7 3. Bd3 g6 4. f4 Bg7 5. Nf3 d6 6. O-O Nd7 7. Qe1 Ngf6 8. e5 dxe5 9. fxe5 Ng8 10. Ng5 Nh6 11. e6 Nf6 12. exf7+ Nxf7 13. Nxf7 Kxf7 14. c3 Re8 15. Nd2 Kg8 16. Nf3 c5 17. Bc4+ Bd5 18. Bxd5+ Qxd5 19. dxc5 Qxc5+ 20. Be3 Qh5 21. Rd1 e5 22. Qh4 Qxh4 23. Nxh4 Rad8 24. Nf3 Ne4 25. Rfe1 Bf6 26. Rxd8 Rxd8 27. Bxb6 axb6 28. Rxe4 Rd1+ 29. Re1 Rd5 30. Kf2 h5 31. Ke3 Kf7 32. Ke4 Ra5 33. a3 Ra4+ 34. Ke3 g5 35. Kd3 Rg4 36. Nxe5+ Bxe5 37. Rxe5 Rxg2 38. Re2 Rg1 39. Kc4 g4 40. Kb5 h4 41. Kxb6 g3 42. hxg3 hxg3 43. b4 Rc1 44. Rg2 Rxc3 45. a4 Ke6 46. a5 Kd7 47. b5 Kc8 48. a6 Kb8 49. Re2 Rc8 50. Rg2 Rg8 51. Kc6 Rg6+ 52. Kc5 Ka7 53. Kb4 Kb6 54. Ka4 Rg4+ 55. Kb3 Kxb5 56. a7 Rb4+ 57. Kc3 Ra4 58. Rb2+ Kc5 59. Rg2 Rxa7 60. Kd3 Kd5 61. Ke3 Ke5 62. Kf3 Ra3+ 63. Kg4 Ke4 64. Rxg3 Ra8 65. Kh3 Rh8+ 66. Kg2 Rh4 67. Kf2 Rh2+ 68. Rg2 Rh3 69. Rg3 Rh4 70. Rg2 Rf4+ 71. Kg3 Rf3+ 72. Kg4 Rf8 73. Re2+ Kd3 74. Rg2 Ke3 75. Rg3+ Ke4 76. Rg2 Rg8+ 77. Kh3 Rh8+ 78. Kg4 Rg8+ 79. Kh3 Ra8 80. Rg4+ Kf3 81. Rg3+ Kf2 82. Rg2+ Kf1 83. Rg4 Rh8+ 84. Rh4 Rf8 85. Rg4 Kf2 86. Kh4 Kf3 87. Rg3+ Kf2 88. Rg4 Rh8+ 89. Kg5 Rg8+ 90. Kh5 Rf8 91. Rg5 Kf3 92. Kg6 Kf4 93. Ra5 Rg8+ 94. Kf7 Rb8 95. Kf6 Rb6+ 96. Kg7 Rb7+ 97. Kf6 Rc7 98. Kg6 1/2-1/2


[Site "https://www.chess.com"]

[Event "Titled Tuesday Blitz May 23 Late 2023"]
[White "Baches Garcia, Guillermo"]
[Black "Slavin, Alexey"]
[WhiteFideId "2209764"]
[BlackFideId "24104388"]
[WhiteElo "2515"]
[BlackElo "2264"]
[Result "1-0"]
[Round "02"]
[TimeControl "180+2"]
[Date "2023.05.23"]
[WhiteClock "0:00:24"]
[BlackClock "0:00:16"]

1. e4 Nc6 2. Nf3 d6 3. h3 Nf6 4. Nc3 e5 5. d4 Be7 6. Bc4 O-O 7. O-O a6 8. a4 h6 9. Bb3 Bd7 10. Re1 Qc8 11. Kh2 Re8 12. Be3 Bf8 13. dxe5 dxe5 14. Nh4 Be6 15. Bxe6 Qxe6 16. Qf3 Rad8 17. Rad1 Nb4 18. Qe2 g6 19. Nf3 Bg7 20. Bc5 Nc6 21. Be3 Nh5 22. g3 Nf6 23. Rxd8 Rxd8 24. Rd1 Rxd1 25. Qxd1 Kh7 26. Kg2 Qc4 27. Qd3 Qb4 28. b3 Qe7 29. Nd5 Nxd5 30. Qxd5 Qd6 31. Qxf7 Nb4 32. Qc4 Nc6 33. Qd5 Qe7 34. Bc5 Qe8 35. c3 Qc8 36. Nh2 Nd8 37. Ng4 b6 38. Be7 Qe6 39. Bxd8 1-0


[Site "https://www.chess.com"]

[Event "Titled Tuesday Blitz May 23 Late 2023"]
[White "Rengifo Blancas, Renzo Jhonathan"]
[Black "Debray, Christopher"]
[WhiteFideId "3807185"]
[BlackFideId "630810"]
[WhiteElo "2085"]
[BlackElo "2340"]
[Result "0-1"]
[Round "02"]
[TimeControl "180+2"]
[Date "2023.05.23"]
[WhiteClock "0:00:12"]
[BlackClock "0:00:24"]

1. e4 c6 2. d4 d5 3. Nc3 dxe4 4. Nxe4 Bf5 5. Ng3 Bg6 6. Bc4 e6 7. N1e2 Bd6 8. f4 Ne7 9. O-O Nd7 10. Kh1 O-O 11. b3 Qc7 12. Bb2 Nd5 13. Qd2 b5 14. Bd3 Bxd3 15. Qxd3 Nxf4 16. Nxf4 Bxf4 17. Ba3 Bd6 18. Bxd6 Qxd6 19. c4 bxc4 20. bxc4 c5 21. d5 Nf6 22. Rad1 Rad8 23. Qc3 exd5 24. Nf5 Qe6 25. cxd5 Qe4 26. Nxg7 Nxd5 27. Qb2 Ne3 28. Rde1 Qxg2+ 29. Qxg2 Nxg2 30. Kxg2 Kxg7 31. Re7 Rd2+ 32. Kg3 Rxa2 33. h4 a5 34. h5 h6 35. Rf4 a4 36. Ra7 a3 37. Rfa4 Rc8 38. Rxa3 Rxa3+ 39. Rxa3 c4 40. Rc3 Kf6 41. Kf4 Rc5 42. Kg4 Ke5 43. Rc1 c3 44. Kf3 c2 45. Ke3 Kf5 46. Kd4 Rc8 47. Rf1+ Kg5 48. Rc1 Kxh5 49. Ke5 Kg4 50. Rg1+ Kf3 51. Rc1 Ke2 0-1


[Site "https://www.chess.com"]

[Event "Titled Tuesday Blitz May 23 Late 2023"]
[White "Ladan, Nicholas"]
[Black "Smiechu"]
[WhiteFideId "30918855"]
[WhiteElo "2167"]
[BlackElo "2334"]
[Result "1-0"]
[Round "02"]
[TimeControl "180+2"]
[Date "2023.05.23"]
[WhiteClock "0:00:15"]
[BlackClock "0:01:17"]

1. d4 Nf6 2. Nf3 c5 3. c3 g6 4. e3 b6 5. Bd3 Bb7 6. Qe2 Bg7 7. e4 cxd4 8. cxd4 d5 9. e5 Ne4 10. Nc3 Nxc3 11. bxc3 O-O 12. h4 h5 13. Ng5 Bc8 14. e6 f5 15. g4 Rf6 16. gxf5 gxf5 17. Rg1 Qd6 18. Qxh5 Bxe6 19. Qe8+ Rf8 20. Qh5 Rf6 21. Kf1 Bf7 22. Qh7+ Kf8 23. Ne6+ Qxe6 24. Qxg7+ Ke8 25. Bb5+ Kd8 26. Qh8+ Kc7 27. Bf4+ Kb7 28. Re1 Qc8 29. Rxe7+ Nd7 30. Qxf6 1-0


[Site "https://www.chess.com"]